 Dungeon Crawl Stone Soup version 0.29-a0-317-gd16b76e6b1 (webtiles) character file.

Game seed: 12097604593256061579

82 Dabor the Vexing (level 4, 0/44 HPs)
             Began as an Ogre Arcane Marksman on Mar 31, 2022.
             Was a Follower of the Shining One.
             Slain by an orc
             ... wielding a +0 trident
              (7 damage)
             ... on level 2 of the Dungeon.
             The game lasted 00:03:13 (2341 turns).

Dabor the Vexing (Ogre Arcane Marksman)             Turns: 2341, Time: 00:03:14

Health: 0/44       AC:  3    Str: 14    XL:     4   Next: 43%
Magic:  7/7        EV: 10    Int: 14    God:    the Shining One [*.....]
Gold:   100        SH:  0    Dex: 11    Spells: 6/7 levels left

rFire   . . .      SeeInvis .   a - +0 hunting sling (freeze)
rCold   . . .      Faith    .   (no shield)
rNeg    . . .      Spirit   .   b - +0 robe
rPois   .          Reflect  .   (helmet restricted)
rElec   .          Harm     .   (no cloak)
rCorr   .          Rampage  .   (gloves unavailable)
Will    .....                   (boots unavailable)
Stlth   +.........              (no amulet)
HPRegen 0.14/turn               (no ring)
MPRegen 0.10/turn               (no ring)

@: confused, brilliant, ambrosia-drunk, glowing
A: large, unfitting armour, tough skin 1
a: Renounce Religion, Divine Shield


You were on level 2 of the Dungeon.
You worshipped the Shining One.
The Shining One was aware of your devotion.
You visited 1 branch of the dungeon, and saw 2 of its levels.

You collected 100 gold pieces.

Inventory:

Hand Weapons
 a - a +0 hunting sling of freezing (weapon)
Armour
 b - a +0 robe (worn)
Scrolls
 c - a scroll of vulnerability
 d - a scroll of amnesia
 j - a scroll of magic mapping
 l - 2 scrolls of identify
Potions
 h - a potion of attraction {unknown}
 k - a potion of lignification {unknown}


   Skills:
 + Level 2.6 Fighting
 + Level 2.0 Slings
 + Level 2.3 Dodging
 + Level 2.2 Spellcasting
 + Level 3.1 Hexes


You had 6 spell levels left.
You knew the following spells:

 Your Spells              Type           Power      Damage    Failure   Level
a - Slow                  Hex            60%        N/A       6%          1

Your spell library contained the following spells:

 Spells                   Type           Power      Damage    Failure   Level
 Inner Flame              Hex/Fire       9%         N/A       36%         3
 Portal Projectile        Hex/Tloc       18%        N/A       36%         3
 Cause Fear               Hex            7%         N/A       52%         4


Dungeon Overview and Level Annotations

Branches:
Dungeon (2/15)

Altars:
The Shining One


Innate Abilities, Weirdness & Mutations

You are too large for most types of armour.
You have tough skin. (AC +1)


Message History

The orc wizard hits you with a +0 war axe.
The orc hits you with a +0 dagger. The orc closely misses you.
The orc priest attacks as you move away!
The orc priest barely misses you.
The orc priest invokes the aid of Beogh against you.
Beogh smites you!
The orc priest mumbles some strange prayers to Beogh against you.
Beogh smites you!
* * * LOW HITPOINT WARNING * * *
It was a potion of curing.
You feel better.
The orc wizard hits you with a +0 war axe!
* * * LOW HITPOINT WARNING * * *
The orc throws a stone.
The stone hits you but does no damage.
You feel better.
The orc priest calls upon Beogh to heal the orc wizard.
The orc wizard is healed somewhat.
The orc wizard gestures at you while chanting.
The puff of flame hits you!
* * * LOW HITPOINT WARNING * * *
The orc throws a stone.
The stone hits you.
* * * LOW HITPOINT WARNING * * *
The orc barely misses you.
Okay, then.
It was a potion of brilliance.
You feel clever all of a sudden.
The orc priest calls down the wrath of Beogh upon you.
Beogh smites you! The Shining One protects you from harm!
The orc wizard hits you with a +0 war axe.
* * * LOW HITPOINT WARNING * * *
The orc barely misses you.
It was a potion of ambrosia.
You are confused.
You feel invigorated.
The orc wizard points at you and mumbles some strange words.
The magic dart hits you.
* * * LOW HITPOINT WARNING * * *
The orc barely misses you.
The orc hits you from afar with a +0 trident!
You die...

#....
#...........########## ..
#.............######## ..≈
#.............#.......
....#.............#.......
..........................
...>............†.........
#..o................
#.o.................
#.o@o...##..........
#.................##
#.................##
#..................#
#..................#
#..................#
.#####..........#########
...........##...#
...............##


You could see an orc priest, an orc wizard (invisible) and 2 orcs.

Vanquished Creatures
  Natasha (D:2)
  2 adders (D:2)
  A worm (D:2)
  A dart slug (D:2)
  An orc (D:2)
  3 bats (D:1)
  2 endoplasms
  3 giant cockroaches
  A goblin (D:1)
  2 hobgoblins (D:1)
  2 jackals (D:1)
  4 quokkas
  A frilled lizard (D:1)
  5 kobolds
  3 rats (D:1)
32 creatures vanquished.

Notes
Turn   | Place    | Note
-------+----------+-------------------------------------------
     0 | D:1      | Dabor the Ogre Arcane Marksman began the quest for the Orb.
     0 | D:1      | Reached XP level 1. HP: 19/19 MP: 2/2
   404 | D:1      | Reached XP level 2. HP: 28/28 MP: 4/4
  1423 | D:1      | Found a faded altar of an unknown god.
  1433 | D:1      | Reached XP level 3. HP: 35/35 MP: 5/5
  1540 | D:1      | Prayed at the altar of an unknown god.
  1540 | D:1      | Became a worshipper of the Shining One
  1540 | D:1      | Reached * piety under the Shining One
  1566 | D:2      | Reached skill level 3 in Hexes
  2171 | D:2      | Noticed Natasha
  2177 | D:2      | Killed Natasha
  2178 | D:2      | Reached XP level 4. HP: 31/44 MP: 7/7
  2340 | D:2      | The Shining One protects you from harm!
  2341 | D:2      | Slain by an orc

Illustrated notes

Levels and vault maps discovered:
D:1:      psy_arrival_conway, layout_basic, ebering_ecumenical_altar_mist,
          minmay_indecisive_spiral
D:2:      cheibrodos_pilgrimage, layout_basic, uniq_natasha, uniq_terence

Skill      XL: |  1  2  3  4 |
---------------+-------------+-----
Dodging        | 2 |  2.3
Fighting       | 2 |  2.6
Hexes          | 3 |  3.1
Spellcasting   | 2 |  2.2
Slings         | 2 |  2.0

Action                   |  1- 3 |  4- 6 || total
-------------------------+-------+-------++-------
 Fire: Hunting sling     |   148 |    16 ||   164
  Use: Scroll            |     2 |     1 ||     3
       Potion            |     1 |     5 ||     6
Armor: Robe              |    51 |     3 ||    54
Dodge: Dodged            |    91 |    12 ||   103

Table legend: (Time is in decaauts)
 A = Elapsed time spent in this place.
 B = Non-inter-level travel time spent in this place.
 C = Inter-level travel time spent in this place.
 D = Time resting spent in this place.
 E = Time spent auto-exploring this place.
 F = Levels seen in this place.
 G = Mean time per level.
                   A        B        C        D        E       F      G
               +--------+--------+--------+--------+--------+-----+--------+
         Total |   2418 |   2336 |     82 |    763 |   1130 |   2 | 1209.0 |
       Dungeon |   2418 |   2336 |     82 |    763 |   1130 |   2 | 1209.0 |
               +--------+--------+--------+--------+--------+-----+--------+

Top non-repeatable levels by time:
     D:1: 1983 daAuts
     D:2: 434 daAuts
